 Dungeon Crawl Stone Soup version 0.30-a0-570-g486de37d69 (webtiles) character file.

Game seed: 3978360980288685722

27 tilp the Covered (level 3, -5/31 HPs)
             Began as a Meteoran Fighter on Dec 29, 2022.
             Succumbed to a water moccasin's poison
             ... on level 3 of the Dungeon.
             The game lasted 00:03:28 (371 turns).

tilp the Covered (Meteoran Fighter)                  Turns: 371, Time: 00:03:28

Health: -5/31      AC: 11    Str: 17    XL:     3   Next: 44%
Magic:  4/4        EV:  7    Int:  9    God:
Gold:   42         SH:  5    Dex: 16    Spells: 2/2 levels left

rFire   . . .      SeeInvis .    a - +0 long sword
rCold   . . .      Faith    .    c - +0 buckler
rNeg    . . .      Spirit   .    h - +0 chain mail
rPois   .          Reflect  .    f - +1 helmet
rElec   .          Harm     .    (no cloak)
rCorr   .          Rampage  .    (no gloves)
Will    .....                    (no boots) Stlth
                                 (no amulet)
HPRegen 0.25/turn                (no ring)
MPRegen 0.09/turn                (no ring)

@: mighty, lethally poisoned (-5 -> -39), glowing
A: sense surroundings 1, otherworldly, glowing, explore regen
a: no special abilities


You were on level 3 of the Dungeon.
You visited 1 branch of the dungeon, and saw 3 of its levels.

You collected 42 gold pieces.

Inventory:

Hand Weapons
 a - a +0 long sword (weapon)
Missiles
 k - 5 stones (quivered)
Armour
 b - a +0 scale mail
 c - a +0 buckler (worn)
 f - a +1 helmet (worn)
 h - a +0 chain mail (worn)
Scrolls
 e - 2 scrolls of magic mapping {unknown}
 g - a scroll of blinking {unknown}
 i - a scroll of silence {unknown}
Potions
 j - a potion of degeneration {unknown}


   Skills:
 + Level 3.5 Fighting
 + Level 2.7 Long Blades
 + Level 3.8 Armour
 * Level 1.6 Dodging
 + Level 0.3 Stealth
 + Level 3.8 Shields


You had 2 spell levels left.
You didn't know any spells.
Your spell library was empty.

Dungeon Overview and Level Annotations

Branches:
Dungeon (3/15) Zot: 1412

Altars:

Shops:
D:1 [[[


Innate Abilities, Weirdness & Mutations

You passively map a small area around you.
You are easily found by Zot.
You glow in the dark.
You regain HP and MP as you explore.


Message History

The adder is moderately wounded.
The adder bites you but does no damage. x2
You hit the adder but do no damage.
The adder is moderately wounded.
The adder bites you but does no damage. x2
You slash the adder!
You kill the adder!
Found a stone staircase leading down.
There is a stone staircase leading down here.
You climb downwards.
The water moccasin hisses angrily.
There is a stone staircase leading up here.
Unknown command.
Okay, then.
You feel very mighty all of a sudden. The water moccasin bites you.
You barely miss the water moccasin. The water moccasin bites you.
You are poisoned.
The water moccasin poisons you! You block the water moccasin's attack.
You closely miss the water moccasin.
You feel very sick. The water moccasin bites you.
You closely miss the water moccasin.
You feel very sick. The water moccasin bites you.
* * * LOW HITPOINT WARNING * * *
You are lethally poisoned!
The water moccasin poisons you! The water moccasin barely misses you.
You slash the water moccasin!
The water moccasin is heavily wounded.
* * * LOW HITPOINT WARNING * * *
You feel extremely sick. The water moccasin bites you.
* * * LOW HITPOINT WARNING * * *
You are more poisoned.
The water moccasin poisons you!
The water moccasin bites you but does no damage.
You completely miss the water moccasin.
The water moccasin is heavily wounded.
You die...

, *
,,, ,
, , ,
,
####*
,
...,
,
,..#
*
*#.#
* *
#S# ,
*,,,
,#@#*
*
,#.#
#<# ,
* ###
* ,,,
, * *
, *
,*


You could see a water moccasin.

Vanquished Creatures
  An adder (D:2)
  A bat (D:1)
  A giant cockroach (D:1)
  3 goblins
  3 hobgoblins (D:1)
  2 quokkas
  A ball python (D:2)
  2 frilled lizards
  3 rats (D:1)
17 creatures vanquished.

Notes
Turn   | Place    | Note
-------+----------+-------------------------------------------
     0 | D:1      | tilp the Meteoran Fighter began the quest for the Orb.
     0 | D:1      | Reached XP level 1. HP: 19/19 MP: 2/2
    59 | D:1      | Reached XP level 2. HP: 19/26 MP: 3/3
    84 | D:1      | Found Vouzer's Armour Shoppe.
   123 | D:2      | Reached skill level 1 in Dodging
   158 | D:1      | Found Biyblas's Armour Shop.
   181 | D:1      | Found Awkeh's Antique Armour Shop.
   229 | D:2      | Reached XP level 3. HP: 29/31 MP: 4/4
   363 | D:3      | Noticed a water moccasin
   371 | D:3      | Succumbed to a water moccasin's poison

Illustrated notes

Levels and vault maps discovered:
D:1:      psy_arrival_radial01, layout_loops_ring, serial_shops, shop,
          nicolae_shop_window_shopping, nicolae_shop_crystal,
          nicolae_shop_advertising_works [nicolae_subvault_shop_adworks], shop
D:2:      layout_loops_corners
D:3:      lemuel_castle_with_subvaults [lemuel_castle_interior_carwin_3],
          layout_basic, vehumet_statue, serial_corexii_hall,
          chequers_hall_statues_wall_a, corexii_hall_statues_deadend,
          serial_shops, shop, ebering_ecumenical_altar_webs, uniq_grinder,
          uniq_terence, uniq_natasha

Skill      XL: |  1  2 |
---------------+-------+-----
Dodging        | 1 |  1.6
Fighting       | |  3.5
Long Blades    | |  2.7
Armour         | |  3.8
Stealth        | |  0.3
Shields        | |  3.8

Action                   || total
-------------------------++-------
Melee: Long sword        ||    52
  Use: Potion            ||     1
Armor: Scale mail        ||     4
       Chain mail        ||    18
Dodge: Dodged            ||    15
Block: Buckler           ||    15

Table legend: (Time is in decaauts)
 A = Elapsed time spent in this place.
 B = Non-inter-level travel time spent in this place.
 C = Inter-level travel time spent in this place.
 D = Time resting spent in this place.
 E = Time spent auto-exploring this place.
 F = Levels seen in this place.
 G = Mean time per level.
                   A        B        C        D        E       F      G
               +--------+--------+--------+--------+--------+-----+--------+
         Total |    387 |    356 |     31 |      0 |      0 |   3 |  129.0 |
       Dungeon |    387 |    356 |     31 |      0 |      0 |   3 |  129.0 |
               +--------+--------+--------+--------+--------+-----+--------+

Top non-repeatable levels by time:
     D:2: 204 daAuts
     D:1: 173 daAuts
     D:3: 9 daAuts
